 Dungeon Crawl Stone Soup version 0.19-a0 (webtiles) character file.

3919 warlockg3 the Ducker (level 10, -8/80 HPs)
             Began as a Mottled Draconian Transmuter on Apr 27, 2016.
             Was an Initiate of Ru.
             Mangled by an orc warrior
             ... wielding a cursed +0 glaive
              (23 damage)
             ... on level 9 of the Dungeon.
             The game lasted 01:51:45 (12701 turns).

warlockg3 the Ducker (DrTm)                        Turns: 12701, Time: 01:51:45

Health: -8/80      AC:  7    Str: 16    XL:     10   Next: 1%
Magic:  17/17      EV: 15    Int: 14    God:    Ru [......]
Gold:   670        SH:  0    Dex: 11    Spells: 4 memorised, 9 levels left

rFire  . . .     SeeInvis .     r - +3 war axe (venom)
rCold  . . .     Gourm    .     (armour unavailable)
rNeg   . . .     Faith    .     (no shield)
rPois  .         Spirit   .     (helmet restricted)
rElec  .         Dismiss  +     (no cloak)
rCorr  .         Reflect  .     (no gloves)
SustAt .         Harm     .     (no boots)
MR     .....                    u - amulet of dismissal
Stlth  ..........               (no ring)
                                (no ring)

@: short of breath, not resistant to hostile enchantments, extremely unstealthy
A: breathe sticky flame splash, unfitting armour, hooves 1, cold-blooded, no
stealth, AC +7
a: Breathe Sticky Flame, Sacrifice Resistance, Sacrifice Courage, Sacrifice a
Hand, Reject Sacrifices, Renounce Religion


You were on level 9 of the Dungeon.
You worshipped Ru.
Ru was noncommittal.
You were not hungry.

You visited 2 branches of the dungeon, and saw 10 of its levels.

You collected 670 gold pieces.

Inventory:

Hand Weapons
 g - a +0 hand axe of electrocution
 q - a +1 quarterstaff
 r - a +3 war axe of venom (weapon)
 w - a +0 short sword of venom
Missiles
 a - 204 arrows
Armour
 d - a +0 fire dragon armour
Magical Staves
 p - an uncursed staff of death
Jewellery
 u - an amulet of dismissal (around neck)
Wands
 n - a wand of slowing (36/48)
 s - a wand of polymorph (0/24)
 z - a wand of iceblast (6/15)
Scrolls
 c - 2 scrolls of fear
 e - a scroll of remove curse
 h - 14 scrolls of identify
 i - 3 scrolls of teleportation
 k - a scroll of magic mapping {unknown}
 m - a scroll of enchant armour
 t - 3 scrolls of recharging
 y - a scroll of noise {unknown}
 A - 2 scrolls of amnesia
Potions
 j - 4 potions of lignification
 l - a potion of flight
 D - a potion of agility {unknown}
Books
 b - a book of Changes

   Spells                             Type                      Level
   a - Beastly Appendage              Transmutation                1
   b - Sticks to Snakes               Transmutation                2
   c - Spider Form                    Transmutation/Poison         3
   d - Ice Form                       Ice/Transmutation            4
   e - Blade Hands                    Transmutation                5
 B - a book of Clouds

   Spells                             Type                      Level
   a - Mephitic Cloud                 Conjuration/Poison/Air       3
   b - Conjure Flame                  Conjuration/Fire             3
   c - Poisonous Cloud                Conjuration/Poison/Air       6
   d - Freezing Cloud                 Conjuration/Ice/Air          6
   e - Ring of Flames                 Charms/Fire                  7
Miscellaneous
 v - a sack of spiders {used: 1}
Comestibles
 x - 8 chunks of flesh
 C - a bread ration


   Skills:
 + Level 4.8 Fighting
 + Level 4.0 Axes
 - Level 0.4 Staves
 + Level 7.9 Dodging
 + Level 4.4 Unarmed Combat
 * Level 4.8 Spellcasting
 * Level 5.3 Transmutations
 * Level 2.9 Fire Magic
 * Level 4.2 Evocations


You had 9 spell levels left.
You knew the following spells:

 Your Spells              Type           Power        Failure   Level  Hunger
a - Beastly Appendage     Trmt           ###...       1%          1    None
b - Sticks to Snakes      Trmt           ###.....     2%          2    ##.....
c - Spider Form           Trmt/Pois      ##........   21%         3    ###....
d - Conjure Flame         Conj/Fire      #.......     30%         3    ###....


Dungeon Overview and Level Annotations

Branches:
Dungeon (9/15)             Temple (1/1) D:4
   Lair: D:8-11         Orc: D:9-12

Altars:
Ashenzari
Cheibriados
Dithmenos
Elyvilon
Fedhas
Gozag
Kikubaaqudgha
Makhleb
Nemelex Xobeh
Okawaru
Pakellas
Qazlal
Ru
Sif Muna
Trog
Vehumet
Xom
Yredelemnul
Zin
The Shining One

Shops:
D:4 [:   D:7 :   D:8 !

Annotations:
D:4 1 runed door, MovingMist's ghost, amateur DsGl


Innate Abilities, Weirdness & Mutations

You can spit globs of burning liquid.
You can ignite nearby creatures when you spit burning liquid.
Your weird mottled scales are hard (AC +7).
Your body does not fit into most forms of armour.
You are cold-blooded and may be slowed by cold attacks.
You cannot be stealthy.
You have large cloven feet.


Message History

The two-headed ogre burns! x2; The orc warrior barely misses you.
The two-headed ogre hits you with a great mace!
The two-headed ogre misses you.
You slash the two-headed ogre!
The two-headed ogre is poisoned.
Your kick misses the two-headed ogre.
The two-headed ogre is severely wounded.
The two-headed ogre burns!
The orc warrior hits you from afar with a glaive!
* * * LOW HITPOINT WARNING * * *
The two-headed ogre closely misses you.
The two-headed ogre hits you with a giant club!
* * * LOW HITPOINT WARNING * * *
Ru believes you are ready to make a new sacrifice.
Drink which item? (? for menu, Esc to quit)
You feel better.
The two-headed ogre burns!
You kill the two-headed ogre!
Your Axes skill increases to level 4!
You have reached level 10!
The orc warrior hits you from afar with a glaive!!
You die...

#... . #..# .#
##..# . .....#
#..#. #..o #))#
#)@######.#
###........[#
#.....#######
#.#..).......
#......######
#..###.#######
#.. #........
#..###.########
# #......# #. #


You could see an orc warrior.

Vanquished Creatures
  A two-headed ogre (D:9)
  Grinder (D:5)
  2 hungry ghosts (D:7)
  Menkaure (D:6)
  2 necrophages (D:7)
  3 ice beasts
  A sky beast (D:9)
  A phantom (D:7)
  3 ogres
  2 centaurs (D:6)
  A big kobold (D:8)
  A crocodile (D:9)
  5 giant frogs
  Blork the orc (D:5)
  3 scorpions
  3 howler monkeys (D:9)
  A crimson imp (D:6)
  2 jellies
  A quasit (D:8)
  4 hounds
  A gnoll shaman (D:8)
  4 orc priests
  11 orc wizards
  Ijyb (D:2)
  5 worker ants
  2 hound zombies
  3 hound skeletons
  8 adders
  3 gnolls (D:8)
  5 river rats (D:9)
  5 shadow imps
  4 oozes
  An adder skeleton (D:5)
  5 worms
  2 dart slugs
  9 giant geckos
  28 orcs
  5 giant cockroaches
  12 goblins
  3 hobgoblins
  9 jackals
  6 quokkas
  6 ball pythons
  18 bats
  2 giant gecko zombies (D:5)
  5 giant newts
  A jackal zombie (D:5)
  12 kobolds
  A quokka skeleton (D:4)
  12 rats
  8 fungi (D:9)
  3 plants (D:9)
239 creatures vanquished.

Vanquished Creatures (others)
  A quokka (D:9)
1 creature vanquished.

Grand Total: 240 creatures vanquished

Notes
Turn   | Place    | Note
--------------------------------------------------------------
     0 | D:1      | warlockg3 the Draconian Transmuter began the quest for the Orb.
     0 | D:1      | Reached XP level 1. HP: 16/16 MP: 3/3
   519 | D:1      | Reached skill level 2 in Dodging
   660 | D:1      | Reached XP level 2. HP: 21/23 MP: 5/5
  1303 | D:2      | Found a sparkling altar of Nemelex Xobeh.
  1425 | D:2      | Reached XP level 3. HP: 27/28 MP: 6/6
  2101 | D:2      | Noticed Ijyb
  2119 | D:2      | Killed Ijyb
  2119 | D:2      | Reached XP level 4. HP: 23/35 MP: 7/7
  2425 | D:2      | Learned a level 2 spell: Sticks to Snakes
  2429 | D:2      | Learned a level 3 spell: Spider Form
  2477 | D:3      | Found a basalt altar of Yredelemnul.
  2562 | D:3      | Found a shattered altar of Ashenzari.
  2877 | D:3      | Reached skill level 1 in Stealth
  3005 | D:3      | Reached skill level 3 in Dodging
  3333 | D:3      | Reached XP level 5. HP: 17/41 MP: 8/8
  3788 | D:3      | Found a burning altar of Makhleb.
  4638 | D:4      | Reached XP level 6. HP: 42/50 MP: 10/10
  4696 | D:4      | Found Jenaxoup's Book Boutique.
  4795 | D:4      | Found a glowing silver altar of Zin.
  4795 | D:4      | Noticed an angel
  4796 | D:4      | Found a runed door.
  5063 | D:4      | Reached skill level 4 in Dodging
  5064 | D:4      | Found a staircase to the Ecumenical Temple.
  5071 | Temple   | Entered the Ecumenical Temple
  5522 | D:4      | Found an oddly glowing altar of Pakellas.
  5541 | D:4      | Found Raicooggyk's Antique Armour Emporium.
  6086 | D:4      | Noticed MovingMist's ghost (amateur DsGl)
  6370 | D:5      | Entered Level 5 of the Dungeon
  6568 | D:5      | Reached skill level 1 in Axes
  6568 | D:5      | Your scales start taking on a weird mottled colour.
  6568 | D:5      | Reached XP level 7. HP: 38/56 MP: 11/11
  6715 | D:5      | Found a sacrificial altar of Ru.
  6726 | D:5      | Became a worshipper of Ru the Awakened
  6785 | D:5      | Found a deep blue altar of Sif Muna.
  6835 | D:5      | Gained mutation: You have large cloven feet. [potion of mutation]
  6835 | D:5      | Gained mutation: You are frail (-10% HP). [potion of mutation]
  6835 | D:5      | Lost mutation: You are frail (-10% HP). [potion of mutation]
  7183 | D:5      | Noticed a hippogriff
  7525 | D:5      | Noticed Blork the orc
  7537 | D:5      | Killed Blork the orc
  7537 | D:5      | Reached skill level 5 in Dodging
  7590 | D:5      | Noticed Grinder
  7601 | D:5      | Paralysed by Grinder for 2 turns
  7615 | D:5      | Killed Grinder
  7615 | D:5      | Reached skill level 1 in Evocations
  7615 | D:5      | Reached XP level 8. HP: 41/63 MP: 11/13
  8818 | D:6      | Noticed Menkaure
  8831 | D:6      | Killed Menkaure
  8831 | D:6      | Reached skill level 6 in Dodging
  9123 | D:6      | Found an ancient bone altar of Kikubaaqudgha.
  9500 | D:6      | Found a snail-covered altar of Cheibriados.
  9622 | D:7      | Found a glowing golden altar of the Shining One.
  9641 | D:7      | Learned a level 3 spell: Conjure Flame
  9719 | D:7      | Found a stormy altar of Qazlal.
 10036 | D:7      | Gained mutation: You cannot be stealthy. [Ru sacrifice]
 10253 | D:7      | Reached XP level 9. HP: 42/65 MP: 13/15
 10640 | D:7      | Reached skill level 1 in Fire Magic
 10997 | D:7      | Found Siloxtop's Book Emporium.
 11010 | D:7      | Upgraded the game from 0.18-a0-1805-g8ab820f to 0.19-a0
 11038 | D:7      | Found an opulent altar of Gozag.
 11178 | D:7      | Found an iron altar of Okawaru.
 11528 | D:7      | Reached skill level 7 in Dodging
 11751 | D:8      | Reached skill level 5 in Transmutations
 12142 | D:8      | Found Veosoe's Distillery.
 12577 | D:9      | Found a white marble altar of Elyvilon.
 12700 | D:9      | HP: 3/72 [two-headed ogre/great mace (12)]
 12701 | D:9      | Reached XP level 10. HP: 15/80 MP: 17/17
 12701 | D:9      | Mangled by an orc warrior

Vault maps used:
D:1:      eino_arrival_druids_welcome, supply_closet_lemuel,
          minmay_misc_feat_five
D:2:      kennysheep_the_goblin_king, nemelex_xobeh_ov_fountains_minmay
D:3:      makhleb_heckhound_becter, lemuel_crystal_altar, first_bread,
          cheibrodos_ashenzari_chains
D:4:      grunt_pakellas_sulfur, minmay_temple_entry_grid, serial_shops,
          nicolae_shop_crystal, shop, lemuel_angel_altar
D:5:      kennysheep_windowed_halls, lemuel_blue_sif_altar,
          nicolae_ru_the_path_less_chosen, uniq_grinder, uniq_blork_the_orc
D:6:      kennysheep_slug_shrine, old_standard_altar, uniq_menkaure
D:7:      nicolae_gozag_seed_capital, nicolae_overflow_crystal_walls,
          marbit_many_paths, kennysheep_mini, serial_shops,
          nicolae_shop_competitors_out_of_business
D:8:      serial_shops, shop_fountains
D:9:      elyvilon_altar_4, grunt_lair_entry_orc_guard_hut, hangedman_fish_farm,
          minivault_26
Temple:   circular_temple_6

Skill      XL: |  1  2  3  4  5  6  7  8  9 |
---------------+----------------------------+-----
Dodging        | 2 3 4 5 6 7 |  7.9
Stealth        | 1 2 0 |  0.0
Fighting       | 2 3 4 |  4.8
Unarmed Combat | 4 |  4.4
Axes           | 1 2 4 |  4.0
Spellcasting   | 3 4 |  4.8
Transmutations | 3 4 5 |  5.3
Evocations     | 1 3 4 |  4.2
Fire Magic     | 2 |  2.9
Staves         | |  0.4

Action                   |  1- 3 |  4- 6 |  7- 9 | 10-12 || total
-------------------------+-------+-------+-------+-------++-------
Melee: Unarmed           |   124 |   157 |    16 |       ||   297
       Tailslap          |    19 |    22 |    47 |       ||    88
       Staff             |    26 |       |       |       ||    26
       Kick              |     4 |     8 |    93 |       ||   105
       Headbutt          |     3 |     7 |       |       ||    10
       Punch             |     1 |     4 |     7 |       ||    12
       War axe           |       |    74 |   445 |       ||   519
       Hand axe          |       |     3 |       |       ||     3
 Cast: Beastly Appendage |     5 |    11 |       |       ||    16
       Sticks to Snakes  |       |     5 |       |       ||     5
Invok: Sacrifice Stealth |       |       |     1 |       ||     1
 Abil: Breathe Sticky Fl |       |       |    19 |       ||    19
Evoke: Sack of spiders   |       |       |     1 |       ||     1
  Use: Potion            |     1 |     5 |    10 |       ||    16
       Scroll            |       |    12 |     1 |       ||    13
 Stab: Sleeping          |       |     2 |     1 |       ||     3
       Distracted        |       |       |     1 |       ||     1
  Eat: Bread ration      |     1 |     2 |       |       ||     3
       Chunk             |       |     3 |     6 |       ||     9
       Beef jerky        |       |     2 |     2 |       ||     4
       Meat ration       |       |       |     6 |       ||     6
       Pizza             |       |       |     2 |       ||     2
       Royal jelly       |       |       |     1 |       ||     1
Armor: Skin              |    56 |    66 |   174 |       ||   296
Dodge: Dodged            |    97 |   147 |   455 |       ||   699
